 Dungeon Crawl Stone Soup version 0.30.0-2-g1aa4bd4387 (webtiles) character file.

Game seed: 16941309211861137514

69 Byczy the Shooter (level 4, 0/33 HPs)
             Began as a Human Hunter on May 7, 2023.
             Killed from afar by an orc wizard (7 damage)
             ... with a puff of flame
             ... on level 3 of the Dungeon.
             The game lasted 00:08:53 (1859 turns).

Byczy the Shooter (Human Hunter)                    Turns: 1859, Time: 00:08:54

Health: 0/33       AC:  3    Str: 11    XL:     4   Next: 42%
Magic:  4/4        EV: 12    Int: 10    God:
Gold:   99         SH:  0    Dex: 18    Spells: 3/3 levels left

rFire   . . .        a - +0 shortbow
rCold   . . .        (shield currently unavailable)
rNeg    + . .        y - +0 leather armour {rN+}
rPois   .            (no helmet)
rElec   .            (no cloak)
rCorr   .            (no gloves)
SInv    .            (no boots)
Will    .....        (no amulet)
Stlth   ++           (no ring)
HPRegen 0.25/turn    (no ring)
MPRegen 0.09/turn

%: no passive effects
@: no status effects
A: no striking features
a: no special abilities


You were on level 3 of the Dungeon.
You visited 1 branch of the dungeon, and saw 3 of its levels.

You collected 99 gold pieces.

Inventory:

Hand Weapons
 a - a +0 shortbow (weapon)
Armour
 c - a +0 leather armour
 y - a +0 leather armour of positive energy (worn)
Jewellery
 w - a ring of magical power
Scrolls
 b - 2 scrolls of immolation
 g - a scroll of enchant weapon {unknown}
 i - 4 scrolls of vulnerability {unknown}
 j - 3 scrolls of amnesia {unknown}
 m - 2 scrolls of fear {unknown}
 p - a scroll of identify {unknown}
 q - a scroll of magic mapping {unknown}
 r - a scroll of fog {unknown}
 s - 3 scrolls of teleportation {unknown}
 t - 2 scrolls of noise {unknown}
Potions
 d - a potion of ambrosia {unknown}
 e - a potion of cancellation {unknown}
 f - a potion of flight {unknown}
 h - a potion of haste {unknown}
 k - a potion of brilliance {unknown}
 l - 2 potions of curing {unknown}
 n - a potion of invisibility {unknown}
 o - 2 potions of heal wounds {unknown}
 u - 2 potions of degeneration {unknown}
 v - a potion of magic {unknown}
 x - a potion of might {unknown}


   Skills:
 + Level 2.1 Fighting
 + Level 5.4 Ranged Weapons
 + Level 2.0 Dodging
 + Level 1.1 Stealth


You had 3 spell levels left.
You didn't know any spells.
Your spell library contained the following spells:

 Spells                   Type           Power      Damage    Failure   Level
 Lesser Beckoning         Tloc           0%         N/A       58%         2
 Gell's Gravitas          Tloc           0%         N/A       83%         3
 Teleport Other           Tloc           0%         N/A       83%         3


Dungeon Overview and Level Annotations

Branches:
Dungeon (3/15)

Altars:

Shops:
D:1 :


Message History

You continue taking off your +0 leather armour. x2
The orc wizard points at you and mumbles some strange words.
Keep disrobing?
The magic dart hits you!
You continue taking off your +0 leather armour. x2
The orc wizard casts a spell.
The orc wizard flickers and vanishes!
Deactivating autopickup; reactivate with Ctrl-A.
You finish taking off your +0 leather armour.
You start putting on your armour.
You continue putting on your +0 leather armour of positive energy.
The orc barely misses you.
You continue putting on your +0 leather armour of positive energy. x2
The orc hits you with a +0 flail.
You continue putting on your +0 leather armour of positive energy.
The orc shouts!
The orc hits you with a +0 flail.
You finish putting on your +0 leather armour of positive energy.
You feel more protected from negative energy.
You shoot an arrow. The arrow hits the orc!
You kill the orc!
You hear some strange, mumbled words.
A magic dart appears from out of thin air!
The magic dart hits you! Something hits you.
* * * LOW HITPOINT WARNING * * *
Things that are here:
a +0 flail; a +0 ring mail; an orc corpse Something hits you.
* * * LOW HITPOINT WARNING * * *
The orc hits you with a +0 mace.
* * * LOW HITPOINT WARNING * * *
Fire: a) +0 shortbow
Press: ? - help, Q - select action Shift-Dir - straight line, f - orc
Aim: an orc, wielding a +0 mace (64% to hit)
You shoot an arrow. The arrow closely misses the orc.
You hear some strange, mumbled words.
A puff of flame appears from out of thin air!
The puff of flame hits you!
You die...

..........#...##.......
..........#...##.......
..............##......#
..............##......#
.............##.....<#
#....[............#
#$.................
######.{)...............
......o@................
......#######+###.......
...(.. .......##.....#
..... ....... #.....#
.... ......##.....# ....
........###### .
..###...# #...## #...<#


You could see an orc.

Vanquished Creatures
  A dart slug (D:2)
  An orc (D:3)
  6 bats
  4 endoplasms
  14 giant cockroaches
  5 hobgoblins
  2 kobolds (D:1)
  3 quokkas (D:1)
  4 ball pythons (D:2)
  4 frilled lizards
  6 goblins
  6 rats
56 creatures vanquished.

Notes
Turn   | Place    | Note
-------+----------+-------------------------------------------
     0 | D:1      | Byczy the Human Hunter began the quest for the Orb.
     0 | D:1      | Reached XP level 1. HP: 16/16 MP: 1/1
    97 | D:1      | Found Gaaf's Book Shoppe.
   325 | D:1      | Reached XP level 2. HP: 22/22 MP: 2/2
   870 | D:2      | Reached XP level 3. HP: 23/27 MP: 3/3
  1013 | D:2      | Reached skill level 5 in Ranged Weapons
  1110 | D:2      | Reached XP level 4. HP: 33/33 MP: 4/4
  1859 | D:3      | Killed from afar by an orc wizard

Illustrated notes

Levels and vault maps discovered:
D:1:      dpeg_arrival_pond, layout_basic, serial_shops, shop, moated_statue
D:2:      minmay_roachtagon, layout_basic
D:3:      layout_basic, gammafunk_ghost_cemetery, kennysheep_generic_room_12

Skill      XL: |  1  2  3 |
---------------+----------+-----
Ranged Weapons | 5 |  5.4
Fighting       | |  2.1
Dodging        | |  2.0
Stealth        | |  1.1

Action                     |  1- 3 |  4- 6 || total
---------------------------+-------+-------++-------
   Fire: Shortbow          |    89 |    41 ||   130
 Armour: Leather armour    |     9 |     6 ||    15
  Dodge: Dodged            |    27 |    11 ||    38
